 Dungeon Crawl Stone Soup version 0.23-a0-261-g133332c (console) character file.

35 nht the Skirmisher (level 3, 0/58 HPs)
             Began as an Ogre Berserker on Sept 29, 2018.
             Was a Believer of Trog.
             Slain by a hobgoblin
             ... wielding a +0 club
             ... led by Robin
              (7 damage)
             ... on level 2 of the Dungeon.
             The game lasted 00:01:14 (674 turns).

nht the Skirmisher (Ogre Berserker)                  Turns: 674, Time: 00:01:15

Health: 0/58       AC:  3    Str: 27    XL:     3   Next: 33%
Magic:  3/3        EV: 10    Int:  8    God:    Trog [**....]
Gold:   74         SH:  0    Dex:  8    Spells: 2/2 levels left

rFire    . . .     SeeInvis .   a - +0 mace
rCold    . . .     Gourm    .   (no shield)
rNeg     . . .     Faith    .   b - +0 animal skin
rPois    .         Spirit   .   (helmet restricted)
rElec    .         Reflect  .   (no cloak)
rCorr    .         Harm     .   (gloves unavailable)
MR       .....                  (boots unavailable)
Stlth    ..........             (no amulet)
HPRegen  0.19/turn              e - ring of attention (curse)
MPRegen  0.08/turn              (no ring)

@: berserking, hasted, very quick
A: large, unfitting armour, tough skin 1
a: Berserk, Trog's Hand, Renounce Religion


You were on level 2 of the Dungeon.
You worshipped Trog.
Trog was pleased with you.
You were hungry.

You visited 1 branch of the dungeon, and saw 2 of its levels.

You collected 74 gold pieces.

Inventory:

Hand Weapons
 a - a +0 mace (weapon)
Armour
 b - a +0 animal skin (worn)
Jewellery
 e - a cursed ring of attention (left hand)
Scrolls
 d - 3 scrolls of identify {unknown}
 g - a scroll of enchant weapon {unknown}
 h - a scroll of random uselessness {unknown}
Potions
 f - a potion of haste
Comestibles
 c - 3 rations


   Skills:
 - Level 4.0 Fighting
 + Level 3.9 Maces & Flails
 - Level 2.6 Dodging


You had 2 spell levels left.
You didn't know any spells.
Your spell library was empty.

Dungeon Overview and Level Annotations

Branches:
Dungeon (2/15)

Altars:

Annotations:
D:2 Robin


Innate Abilities, Weirdness & Mutations

You are too large for most types of armour.
You have tough skin. (AC +1)


Message History

You kill the goblin!
Trog accepts your kill.
The hobgoblin no longer looks unusually strong.
You barely miss the hobgoblin.
The hobgoblin hits you but does no damage.
Robin roars a battlecry!
The hobgoblin goes into a battle-frenzy!
You closely miss the hobgoblin. The hobgoblin barely misses you.
Robin throws the goblin at you!
You sock the hobgoblin!
You kill the hobgoblin!
Trog accepts your kill.
Your skin stops crawling.
You feel less resistant to hostile enchantments.
The goblin closely misses you.
You barely miss the hobgoblin.
Robin hits you from afar with a spear of piercing.
* * * LOW HITPOINT WARNING * * *
x2 The hobgoblin hits you with a club!
You die... ███████ █.....█ █.....█ █.....█ ..... g.. █g█ █@█ █ █████g█

█.████...()█
█....█.█████
█.......████
█.██.█.....█
█.██<██.█.█
█........█
████.██.█.█


You could see Robin, a hobgoblin and a goblin.

Vanquished Creatures
  A leopard gecko (D:1)
  A ball python (D:1)
  5 bats
  A giant cockroach (D:1)
  9 goblins
  3 hobgoblins (D:2)
  A quokka (D:2)
  4 frilled lizards (D:1)
  3 kobolds (D:1)
  A rat (D:1)
29 creatures vanquished.

Notes
Turn   | Place    | Note
-------+----------+-------------------------------------------
     0 | D:1      | nht the Ogre Berserker began the quest for the Orb.
     0 | D:1      | Reached XP level 1. HP: 24/24 MP: 1/1
   119 | D:1      | Reached XP level 2. HP: 24/32 MP: 2/2
   631 | D:2      | Reached ** piety under Trog
   642 | D:2      | Noticed Robin
   647 | D:2      | Reached XP level 3. HP: 25/39 MP: 3/3
   674 | D:2      | Slain by a hobgoblin

Vault maps used:
D:1:      ncdulo_smallfort, glass_columns_a, hangedman_abyss_or_decor_stabs
D:2:      uniq_jessica, uniq_robin

Skill      XL: |  1 |
---------------+----+-----
Maces & Flails | 3 |  3.9
Fighting       | |  4.0
Dodging        | |  2.6

Action                   || total
-------------------------++-------
Melee: Mace              ||   102
Invok: Berserk           ||     1
       Trog's Hand       ||     1
  Use: Potion            ||     1
Armor: Animal skin       ||    48
Dodge: Dodged            ||    70

Table legend:
 A = Non-vault XP
 B = Vault XP
 C = Vault XP percentage of total XP
 D = Non-vault monster count
 E = Vault monster count
 F = Vault count percentage of total count
                 A         B        C        D         E       F
            +---------+---------+-------+---------+---------+-------
      Total |      34 |      16 |  32.0 |      21 |       8 |  27.6
            +---------+---------+-------+---------+---------+-------
        D:1 |      29 |       0 |   0.0 |      18 |       0 |   0.0
        D:2 |       5 |      16 |  76.2 |       3 |       8 |  72.7
            +---------+---------+-------+---------+---------+-------
